phone, chaotic female elven Wizard -------- |....... ..qb...| |>@q!..| |....... ----+--- phone the Conjurer Experience level: 5 Strength: 7 Dexterity: 14 Constitution: 14 Intelligence: 20 Wisdom: 9 Charisma: 10 Health: 0(37) Energy: 46(52) AC: 8 Gold: 1000 Moves: 1815 Your Inventory: Coins $ - 1000 gold pieces Weapons a - a blessed +1 quarterstaff (weapon in hands) y - a [cursed -1] axe Armor b - an uncursed +0 cloak of magic resistance (being worn) q - an [uncursed] +0 iron skull cap [orcish helm] (being worn) G - an [uncursed +0] mummy wrapping Scrolls i - an uncursed scroll of magic mapping j - an uncursed scroll of remove curse k - an uncursed scroll of destroy armor t - an [uncursed] scroll labeled GHOTI [of light] w - an [uncursed] unlabeled scroll [of blank paper] x - a [cursed] scroll labeled ASHPD [of genocide] A - a [cursed] scroll labeled SODALG [of stinking cloud] D - a [blessed] scroll labeled GHOTI [of light] F - a [blessed] scroll labeled FOOBIE BLETCH [of teleportation] Spellbooks l - a blessed spellbook of force bolt m - an uncursed spellbook of haste self z - an [uncursed] spiral-bound spellbook [of detect monsters] Potions f - an uncursed potion of water g - an uncursed potion of blindness h - an uncursed potion of booze o - a [cursed] golden potion [of extra healing] u - an [uncursed] sky blue potion [of monster detection] v - an [uncursed] black potion [of healing] E - a [blessed] ruby potion [of polymorph] Rings d - an uncursed ring of shock resistance e - an uncursed ring of polymorph control Wands c - an uncursed wand of light (0:13) Tools n - an uncursed wooden harp s - an [uncursed] lock pick Spells known in the end: Name Level Category Fail Memory a - force bolt 1 attack 0% [||||||||] b - haste self 3 escape 81% [||||||||] c - light 1 divination 0% [||||||||] Your skills at the end: Fighting Skills Weapon Skills quarterstaff [Basic / Expert] Spellcasting Skills attack spells [Basic / Expert] enchantment spells [Basic / Skilled] Final Attributes: You were devoutly aligned. Hunger level was -127. Your alignment was 17 / 19. Monster difficulty range was 1 - 6. Level difficulty was 8. You were immune to sleep. You were magic-protected. You saw invisible. You had infravision. You were lucky (1). You are dead. Vanquished creatures: a dingo a snake a kobold mummy a kitten a dwarf a kobold lord an orc zombie an iguana a yellow mold 2 green molds 2 foxes 2 goblins 5 grid bugs a lichen 5 newts 26 creatures vanquished. Voluntary challenges: You used a wielded weapon 8 times. You read items or engraved 59 times. You put on armor 2 times. You never genocided any monsters. You never polymorphed an object. You never changed form. You used no wishes. You wrote Elbereth's name 40 times. You encountered 1 bones level. You never used any Sokoban shortcuts. Dungeon overview: The Dungeons of Doom: levels 1 to 8 Level 1 a long staircase Level 3 stairs to The Gnomish Mines Level 4 a fountain Level 5 some fountains Level 6 an armor shop, a fountain Level 8 <- You were here The Gnomish Mines: Level 4 stairs to The Dungeons of Doom History has recorded: On T:1 you entered the Dungeons of Doom to retrieve the Amulet of Yendor! On T:86 you reached level 2 of The Dungeons of Doom. On T:494 you reached level 3 of The Dungeons of Doom. On T:1081 you reached level 1 of The Gnomish Mines. On T:1123 you advanced to experience level 2. On T:1138 you reached level 4 of The Dungeons of Doom. On T:1214 you advanced to experience level 3. On T:1398 you reached level 5 of The Dungeons of Doom. On T:1556 you advanced to experience level 4. On T:1582 you reached level 6 of The Dungeons of Doom. On T:1616 you advanced to experience level 5. On T:1811 you reached level 8 of The Dungeons of Doom. Latest messages: You regain consciousness. [18 turns] You faint from lack of food. You regain consciousness. [20 turns] A trap door opens up under you! You fall down a shaft! You faint from lack of food. The rothe hits! The rothe bites! (2x) The rothe hits! The rothe bites! (2x) [HP-14=23] The rothe hits! The rothe bites! (2x) The rothe hits! The rothe bites! (2x) [HP-20=3] You hear rumbling in the distance. The rothe hits! You die... Final status: Goodbye phone the Wizard... You died in The Dungeons of Doom on dungeon level 8 with 1890 points, and 1000 pieces of gold, after 1815 moves. You were level 5 with a maximum of 37 hit points when you died.